Jonadab, neutral female human Tourist ----------- .........| .......| ..... ...| -M- @ ) # # # # ### # ############### -------------- # --.-.-- |............| |.....| ..#..........-######......| |............| |.....| -------------- ------- Jonadab the Sightseer Experience level: 4 Strength: 11 Dexterity: 12 Constitution: 13 Intelligence: 17 Wisdom: 9 Charisma: 14 Health: 0(33) Energy: 14(14) Def: 2 Gold: 287 Moves: 1881 Dungeon seed: KsHscG1evGyfZJFj Game ID: Jonadab_1480179999 Your Inventory: Coins $ - 287 gold pieces Weapons a - a cursed -2 long sword (weapon in hand) c - 3 uncursed +2 darts (in quiver) r - 8 uncursed +0 darts s - an uncursed +1 orcish dagger I - 2 uncursed +0 daggers L - 11 uncursed +0 silver arrows Armor M - an uncursed +0 dwarvish cloak N - an uncursed +0 orcish helm (being worn) O - an uncursed +0 pair of iron shoes S - an uncursed +0 leather armor Y - an uncursed +0 cloak of magic resistance (being worn) Comestibles d - an uncursed banana f - an uncursed egg h - an uncursed partly eaten food ration q - 2 uncursed fortune cookies J - an uncursed cream pie P - 6 uncursed food rations Wands p - an uncursed wand of sleep (0:3) Tools g - an uncursed expensive camera (0:97) k - an uncursed credit card Q - an uncursed credit card Gems e - an uncursed worthless piece of violet glass n - an uncursed worthless piece of white glass y - an uncursed jade stone z - an uncursed worthless piece of green glass F - 4 uncursed jasper stones X - an uncursed emerald Spells and supernatural/magical abilities: Name Level Category Fail Memory W - pray for help -- divine ? -- Your skills at the end: Fighting Skills wands [Basic] Weapon Skills dart [Basic] Spellcasting Skills Final Attributes: You were piously aligned. You were magic-protected. You are dead. Vanquished creatures: a kitten a dwarf 2 giant bats a werejackal 2 iguanas 2 hobbits a large kobold 2 giant rats a cave spider a red mold a gnome zombie 6 jackals a fox a kobold a goblin 4 grid bugs 2 lichens 5 newts 35 creatures vanquished. Voluntary challenges: You were an atheist. You used a wielded weapon 5 times, starting on turn 1847. You read items or engraved 7 times, starting on turn 238. You never genocided any monsters. You never polymorphed an object. You never changed form. You used no wishes. You never split a pudding. You wrote Elbereth's name 2 times, starting on turn 238. You never violated your personal moral code. Dungeon overview: The Dungeons of Doom: levels 1 to 11 Level 1 (StashOne-boxbyexit) a long staircase Level 2 a potion shop, a fountain, a sink Level 3 Level 4 a fountain stairs to The Gnomish Mines Level 5 Level 6 Level 7 a fountain Level 8 Level 11 <- You were here a sink The Gnomish Mines: Level 5 stairs to The Dungeons of Doom History has recorded: On T:1 you entered the Dungeons of Doom to retrieve the Amulet of Yendor! On T:180 you reached level 2 of The Dungeons of Doom. On T:600 you reached level 3 of The Dungeons of Doom. On T:691 you advanced to experience level 2. On T:1061 you advanced to experience level 3. On T:1137 you reached level 4 of The Dungeons of Doom. On T:1447 you advanced to experience level 4. On T:1565 you reached level 1 of The Gnomish Mines. On T:1586 you reached level 5 of The Dungeons of Doom. On T:1641 you reached level 6 of The Dungeons of Doom. On T:1690 you reached level 7 of The Dungeons of Doom. On T:1748 you reached level 8 of The Dungeons of Doom. On T:1787 you reached level 11 of The Dungeons of Doom. Score breakdown: Gold: 0 ( 0 points) Experience: 4 levels ( 9649 points) Exploration: 11 levels ( 20.75%) (13155 points) Discoveries: 0 items ( 0.00%) ( 0 points) Valuables value: (no points given unless you survive) Artifact value: 0 ( 0 points) Variety of kills: 18 monsters ( 4.70%) ( 6503 points) Turncount: 1881 turns ( 0 points) Survival: died (score multiplied by 80%) Total score: 23445 Latest messages: The dwarf mummy hits! The dart hits the iguana. The dwarf mummy hits! The iguana bites! The dart hits the iguana! The dwarf mummy hits! You kill the iguana! You miss the grid bug. The dwarf mummy hits! The grid bug bites! You miss the grid bug. The dwarf mummy hits! The grid bug bites! You kill the grid bug! The dwarf mummy hits! The dart hits the dwarf mummy. The dwarf mummy hits! The dart hits the dwarf mummy! The dwarf mummy hits! You die... Your body rises from the dead as a human mummy... Final status: Aloha Jonadab the Tourist, killed by a dwarf mummy... You died in The Dungeons of Doom on dungeon level 11 with 23445 points, and 287 pieces of gold, after 1881 moves. You were level 4 with a maximum of 33 hit points when you died.